 Dungeon Crawl Stone Soup version 0.20.1-1-g8b1a95d (webtiles) character file.

9016 letownia2 the Reanimator (level 11, 46/86 HPs)
             Began as a Deep Dwarf Necromancer on Dec 18, 2017.
             Was an Initiate of Gozag.
             Quit the game on level 9 of the Dungeon on Dec 19, 2017.
             The game lasted 00:34:41 (10024 turns).

letownia2 the Reanimator (Deep Dwarf Necromancer)  Turns: 10024, Time: 00:34:42

Health: 46/86      AC:  7    Str: 13    XL:     11   Next: 17%
Magic:  21/24      EV: 11    Int: 18    God:    Gozag
Gold:   862        SH:  0    Dex: 13    Spells: 25/29 levels left

rFire    + . .     SeeInvis .   a - +4 spear
rCold    + . .     Gourm    .   (no shield)
rNeg     . . .     Faith    .   g - +0 ring mail
rPois    .         Spirit   .   (no helmet)
rElec    .         Reflect  .   (no cloak)
rCorr    .         Harm     .   k - +1 pair of gloves
MR       +....                  (no boots)
Stlth    +.........             (no amulet)
Regen    0.0/turn               G - ring of protection from cold
MPRegen  0.2/turn               l - ring of protection from fire

@: gold aura, non-regenerating
A: damage resistance, heal wounds, sense surroundings 2, no regeneration
a: Heal Wounds, Potion Petition, Call Merchant, Bribe Branch, Renounce Religion


You were on level 9 of the Dungeon.
You worshipped Gozag.
Gozag was pleased with you.
You were hungry.

You visited 1 branch of the dungeon, and saw 9 of its levels.

You collected 2201 gold pieces.
You spent 38 gold pieces at shops.
You paid 1301 gold pieces to Gozag.

Inventory:

Hand Weapons
 a - a +4 spear (weapon)
 b - the +1 dagger of the Absolute Madman {pierce, rPois}
   (You found it on level 6 of the Dungeon)

   It inflicts extra damage upon your enemies.
   It protects you from poison.
 c - a +0 blowgun
 H - a +0 trident of flaming
 N - a +0 war axe
 P - a +1 spear of piercing
Missiles
 o - 55 poisoned needles
 t - 85 bolts
 A - 8 tomahawks (quivered)
 X - 6 curare-tipped needles
Armour
 g - a +0 ring mail (worn)
 k - a +1 pair of gloves (worn)
 J - a +1 robe of fire resistance
Jewellery
 l - a ring of protection from fire (right hand)
 C - an uncursed ring of protection from magic
 G - a ring of protection from cold (left hand)
 Q - an uncursed ring of positive energy
Wands
 q - a wand of acid (13/15)
 y - a wand of iceblast (1/15)
 I - a wand of polymorph (13/24)
 L - a wand of digging (12/24)
 V - a wand of acid (3/15)
 W - a wand of flame (32/48)
Scrolls
 d - 3 scrolls of blinking
 f - 4 scrolls of enchant weapon
 h - 6 scrolls of remove curse
 i - 3 scrolls of identify
 m - a scroll of immolation
 s - a scroll of noise
 u - 5 scrolls of teleportation
 w - a scroll of amnesia
 x - 3 scrolls of magic mapping
 B - 2 scrolls of enchant armour
 D - a scroll of recharging
Potions
 e - 2 potions of berserk rage {unknown}
 p - a potion of resistance
 r - 4 potions of agility
 v - 2 potions of brilliance {unknown}
 z - 2 potions of magic {unknown}
 E - 3 potions of heal wounds {unknown}
 M - a potion of cancellation
 O - a potion of invisibility
 T - 2 potions of lignification {unknown}
 U - a potion of flight {unknown}
Comestibles
 n - 3 bread rations


   Skills:
 - Level 2.0 Fighting
 - Level 2.1 Dodging
 - Level 2.4 Stealth
 - Level 9.5 Spellcasting
 + Level 13.7 Necromancy
 - Level 6.2 Evocations


You had 25 spell levels left.
You knew the following spells:

 Your Spells              Type           Power        Failure   Level  Hunger
a - Pain                  Necr           ####         1%          1    None
v - Vampiric Draining     Necr           ######....   1%          3    None


Dungeon Overview and Level Annotations

Branches:
Dungeon (9/15)             Temple (0/1) D:7            Lair (0/6) D:8
    Orc (0/2) D:9

Altars:
Ashenzari
Elyvilon
Gozag
Ru

Shops:
D:5 *   D:8 (   D:9 [=

Annotations:
D:6 Pikel
D:9 tonev's ghost, novice HOAK


Innate Abilities, Weirdness & Mutations

You are resistant to damage.
You can heal yourself by infusing magical energy.
You passively map the area around you.
You do not regenerate.


Message History

Unknown command.
The yak bellows!
Casting: Vampiric Draining
Confirm with . or Enter, or press ? or * to list all spells.
Aiming: Vampiric Draining
Press: ? - help, Shift-Dir - straight line, f - yak
Aim: a yak (almost dead)
You kill the yak!
You feel life coursing into your body.
You now have 862 gold pieces (gained 20).
Okay, then.
You aren't carrying or standing over any spellbooks.
Unknown command.
Put on which piece of jewellery? (? for menu, Esc to quit)
Okay, then.
Unknown command.
Okay, then.
Evoke which item? (* to show all) (? for menu, Esc to quit)
Okay, then.
Are you sure you want to abandon this character and quit the game? (Confirm with "yes".)

, #...........................
,#...........................
, +...........................
, #...........................
,
,#...........................
#####.####.......#############
..........(...................
.....Y..(.....................
,
........$....@...............)
,
#####...#.....................
, ,
,#..(#................).... *,
#...#$$..........)........ * ,
#...#..................... ,
#...#..................... ,,
, #####..................... $
, #..................... ,,,
.'.....................


There were no monsters in sight!

Vanquished Creatures
  4 two-headed ogres
  Joseph (D:7)
  A rime drake (D:9)
  A komodo dragon (D:8)
  A troll (D:9)
  2 yaks (D:9)
  A hungry ghost (D:8)
  A water moccasin (D:6)
  Duvessa (D:5)
  4 ice beasts
  2 orc warriors (D:9)
  2 black bears
  A centaur (D:5)
  2 sky beasts
  9 ogres
  4 phantoms
  A crocodile (D:9)
  7 big kobolds
  5 bullfrogs
  3 gnoll sergeants (D:9)
  Dowan (D:5)
  2 scorpions
  A water moccasin skeleton (D:8)
  8 killer bees
  A howler monkey (D:4)
  A crimson imp (D:5)
  A quasit (D:7)
  2 bullfrog zombies
  5 hounds
  3 jellies
  5 orc wizards
  2 iguanas
  4 worker ants
  4 hound skeletons
  11 gnolls
  A howler monkey skeleton (D:9)
  11 adders
  3 shadow imps
  An ooze (D:3)
  2 adder zombies
  An adder skeleton (D:8)
  2 dart slugs
  3 leopard geckos
  26 orcs
  A ball python (D:1)
  6 giant cockroaches
  5 goblins
  8 hobgoblins
  9 jackals
  20 kobolds
  6 quokkas
  9 bats
  7 frilled lizards
  A leopard gecko zombie (D:6)
  8 rats
234 creatures vanquished.

Vanquished Creatures (collateral kills)
  A yak (D:9)
  A worker ant zombie (D:9)
  2 orcs (D:9)
4 creatures vanquished.

Vanquished Creatures (others)
  An orc (D:9)
  A plant (D:8)
2 creatures vanquished.

Grand Total: 240 creatures vanquished

Notes
Turn   | Place    | Note
-------+----------+-------------------------------------------
     0 | D:1      | letownia2 the Deep Dwarf Necromancer began the quest for the Orb.
     0 | D:1      | Reached XP level 1. HP: 15/15 MP: 3/3
   140 | D:1      | Reached XP level 2. HP: 20/22 MP: 0/5
   374 | D:2      | Reached XP level 3. HP: 23/28 MP: 0/6
   447 | D:2      | Learned a level 3 spell: Vampiric Draining
   449 | D:2      | Reached skill level 5 in Necromancy
   907 | D:4      | Found a white marble altar of Elyvilon.
   907 | D:4      | Found an opulent altar of Gozag.
   926 | D:4      | Became a worshipper of Gozag Ym Sagoz the Greedy
   951 | D:4      | Reached XP level 4. HP: 12/36 MP: 0/8
  1874 | D:2      | Reached XP level 5. HP: 7/42 MP: 2/9
  2026 | D:2      | Reached skill level 6 in Necromancy
  2861 | D:4      | Reached skill level 7 in Necromancy
  2861 | D:4      | Reached XP level 6. HP: 45/49 MP: 0/10
  2975 | D:4      | Reached skill level 1 in Fighting
  3022 | D:4      | Found a sacrificial altar of Ru.
  3352 | D:4      | Reached XP level 7. HP: 43/60 MP: 12/12
  3413 | D:4      | Reached skill level 8 in Necromancy
  3757 | D:4      | Noticed a two-headed ogre
  3800 | D:4      | Killed a two-headed ogre
  3800 | D:4      | Reached skill level 5 in Spellcasting
  3800 | D:4      | Reached skill level 9 in Necromancy
  3800 | D:4      | Reached XP level 8. HP: 10/67 MP: 8/15
  3975 | D:5      | Entered Level 5 of the Dungeon
  4269 | D:5      | Found Agireask's General Store.
  4285 | D:5      | Bought a scroll of magic mapping for 38 gold pieces
  4318 | D:5      | Noticed Duvessa
  4330 | D:5      | Noticed Dowan
  4680 | D:5      | Killed Duvessa
  4913 | D:6      | HP: 2/67 [shadow imp/nerve-wracking pain (10)]
  5057 | D:6      | Got a pitted dagger
  5058 | D:6      | Identified the +1 dagger of the Absolute Madman {pierce, rPois} (You found it on level 6 of the Dungeon)
  5148 | D:6      | Noticed Pikel
  5228 | D:5      | Gained mutation: You passively map the area around you. [Deep Dwarf growth]
  5228 | D:5      | Reached XP level 9. HP: 23/73 MP: 9/19
  5540 | D:5      | Killed Dowan
  6137 | D:7      | Noticed Joseph
  6287 | D:7      | Noticed a two-headed ogre
  6311 | D:7      | Noticed a two-headed ogre
  6332 | D:7      | Killed a two-headed ogre
  6476 | D:7      | Reached skill level 1 in Evocations
  6879 | D:7      | Found a staircase to the Ecumenical Temple.
  6975 | D:7      | Killed a two-headed ogre
  6975 | D:7      | Reached XP level 10. HP: 75/80 MP: 12/23
  7128 | D:7      | Killed Joseph
  7128 | D:7      | Reached skill level 10 in Necromancy
  7742 | D:8      | Reached skill level 11 in Necromancy
  7896 | D:8      | Found Ovvem's Weapon Boutique.
  8325 | D:8      | Found a staircase to the Lair.
  8484 | D:9      | Noticed tonev's ghost (novice HOAK)
  8536 | D:9      | Found a staircase to the Orcish Mines.
  8537 | D:9      | Reached skill level 12 in Necromancy
  8988 | D:9      | Noticed a two-headed ogre
  9003 | D:9      | Found a shattered altar of Ashenzari.
  9106 | D:9      | Reached skill level 13 in Necromancy
  9353 | D:9      | Reached XP level 11. HP: 26/86 MP: 10/24
  9689 | D:9      | Killed a two-headed ogre
 10024 | D:9      | Quit the game

Skill      XL: |  1  2  3  4  5  6  7  8  9 10 |
---------------+-------------------------------+-----
Spellcasting   | 2 3 5 7 9 |  9.5
Necromancy     | 5 7 9 13 | 13.7
Fighting       | 2 |  2.0
Evocations     | 6 |  6.2
Dodging        | |  2.1
Stealth        | |  2.4

Action                   |  1- 3 |  4- 6 |  7- 9 | 10-12 || total
-------------------------+-------+-------+-------+-------++-------
Melee: Unarmed           |     5 |       |       |       ||     5
       Dagger            |    11 |    32 |    13 |       ||    56
       Spear             |       |       |   165 |   242 ||   407
Throw: Tomahawk          |       |     4 |     1 |       ||     5
 Cast: Pain              |    44 |   121 |    34 |    17 ||   216
       Vampiric Draining |     2 |    12 |    80 |    98 ||   192
Invok: Call Merchant     |       |       |       |     2 ||     2
Evoke: Wand              |       |       |    10 |    27 ||    37
  Use: Scroll            |       |       |     3 |    16 ||    19
  Eat: Chunk             |     1 |       |       |       ||     1
       Royal jelly       |       |     4 |     1 |     2 ||     7
       Fruit             |       |       |     3 |       ||     3
       Bread ration      |       |       |     1 |     2 ||     3
       Meat ration       |       |       |     1 |       ||     1
Armor: Robe              |     4 |       |       |       ||     4
       Ring mail         |    23 |    24 |    86 |   103 ||   236
Dodge: Dodged            |    27 |    34 |   139 |   163 ||   363
